Map: Frozen Temple

Players

DasOmlett

  • Race: Protoss Protoss

Haluc - Winner!

  • Race: Protoss Protoss
  • League: Diamond

VOD

Have the link to the VOD?

Description

Time

  • Played on: Oct. 19, 2016, 6:27 a.m.
  • Length: 19:26
Show
View Real Time Build Order
Export as new Build Order

DasOmlett Protoss 

Build Orders:  

Get SALT Encoding   

  12  0:01  Probe (Chrono Boost)  
  13  0:11  Probe (Chrono Boost)  
  14  0:19  Pylon  
  14  0:22  Probe (Chrono Boost)  
  15  0:37  Probe (Chrono Boost)  
  15  0:38  Gateway  
  16  0:43  Assimilator  
  16  0:48  Probe (Chrono Boost)  
  17  0:58  Probe (Chrono Boost)  
  17  1:03  Gateway  
  18  1:09  Probe (Chrono Boost)  
  19  1:19  Probe (Chrono Boost)  
  20  1:27  Cybernetics Core  
  20  1:30  Probe (Chrono Boost)  
  21  1:35  Pylon  
  21  1:41  Probe (Chrono Boost)  
  22  1:51  Probe (Chrono Boost)  
  23  2:03  Adept x2  
  23  2:06  Mothership Core (Chrono Boost)  
  29  2:26  Probe (Chrono Boost)  
  30  2:31  Nexus, Unknown  
  30  2:47  Pylon  
  30  2:50  Probe (Chrono Boost)  
  31  3:05  Stalker x2  
  35  3:19  Probe (Chrono Boost)  
  36  3:26  Robotics Facility  
  34  3:30  Probe (Chrono Boost), Gateway  
  34  3:31  Gateway  
  35  3:40  Probe (Chrono Boost)  
  36  3:42  Unknown, Warp Gate  
  36  3:48  Pylon  
  36  3:50  Probe (Chrono Boost)  
  36  3:52  Probe (Chrono Boost), Pylon  
  36  3:53  Assimilator  
  38  4:00  Probe (Chrono Boost)  
  38  4:01  Assimilator  
  38  4:04  Probe (Chrono Boost)  
  38  4:05  Assimilator  
  38  4:11  Probe (Chrono Boost)  
  38  4:14  Immortal  
  38  4:16  Probe (Chrono Boost)  
  36  4:48  Immortal  
  36  4:52  Zealot x3  
  44  5:02  Probe x2 (Chrono Boost)  
  46  5:14  Probe (Chrono Boost)  
  47  5:16  Probe (Chrono Boost)  
  48  5:23  Immortal  
  48  5:26  Probe (Chrono Boost)  
  48  5:27  Probe (Chrono Boost), Pylon  
  54  5:38  Probe (Chrono Boost)  
  54  5:39  Twilight Council  
  55  5:44  Probe (Chrono Boost)  
  55  5:46  Stalker  
  59  5:50  Probe (Chrono Boost)  
  59  5:53  Sentry x2  
  59  5:54  Probe (Chrono Boost)  
  64  6:02  Probe (Chrono Boost)  
  65  6:05  Probe (Chrono Boost)  
  65  6:08  Stalker  
  65  6:10  Pylon  
  68  6:12  Stalker  
  68  6:15  Probe (Chrono Boost)  
  68  6:17  Probe (Chrono Boost)  
  72  6:21  Blink  
  68  6:32  Stalker x3  
  65  6:53  Probe (Chrono Boost)  
  65  6:54  Probe (Chrono Boost)  
  65  6:56  Immortal  
  69  7:03  Probe (Chrono Boost), Sentry  
  69  7:06  Probe (Chrono Boost)  
  74  7:15  Probe (Chrono Boost)  
  74  7:18  Probe (Chrono Boost), Stalker x2  
  79  7:27  Probe (Chrono Boost)  
  81  7:30  Probe (Chrono Boost)  
  81  7:35  Observer  
  81  7:39  Probe (Chrono Boost)  
  81  7:42  Probe (Chrono Boost)  
  76  8:02  Immortal  
  76  8:05  Stalker x4  
  65  8:14  Probe x2 (Chrono Boost)  
  66  8:29  Sentry x4  
  74  8:35  Nexus, Unknown  
  72  8:44  Immortal  
  72  8:52  Stalker x2  
  72  8:53  Stalker  
  82  8:58  Pylon  
  82  9:00  Pylon  
  82  9:08  Stalker  
  84  9:20  Stalker x2  
  84  9:22  Sentry, Pylon  
  84  9:24  Pylon  
  90  9:31  Stalker, Immortal  
  96  9:46  Unknown  
  96  9:48  Probe (Chrono Boost)  
  96  9:49  Probe x2 (Chrono Boost)  
  100  10:01  Probe x2 (Chrono Boost)  
  67  10:17  Stalker x2  
  67  10:18  Stalker x2  
  71  10:27  Mothership Core (Chrono Boost)  
  71  10:42  Probe x2 (Chrono Boost), Gateway  
  73  10:44  Gateway  
  73  10:45  Probe (Chrono Boost)  
  73  10:47  Gateway  
  73  10:49  Gateway  
  73  10:52  Gateway  
  73  10:54  Probe x2 (Chrono Boost)  
  73  10:55  Probe (Chrono Boost)  
  73  11:01  Robotics Bay, Immortal  
  73  11:04  Dark Shrine  
  73  11:06  Probe x3 (Chrono Boost)  
  80  11:12  Pylon  
  80  11:15  Stalker x2  
  80  11:17  Sentry  
  80  11:18  Sentry  
  88  11:25  Assimilator  
  89  11:26  Probe (Chrono Boost)  
  89  11:27  Probe x2 (Chrono Boost)  
  89  11:28  Assimilator  
  91  11:37  Probe (Chrono Boost)  
  91  11:38  Pylon  
  91  11:39  Probe (Chrono Boost), Pylon  
  93  11:47  Disruptor  
  96  11:57  Stalker x2  
  96  11:58  Stalker x4  
  108  12:02  Stalker  
  108  12:22  Stalker x4  
  66  12:48  Stalker  
  66  12:49  Stalker x4  
  66  12:50  Zealot x3  
  66  12:51  Zealot  
  80  13:04  Probe x2 (Chrono Boost)  
  74  13:13  Stalker x5  
  74  13:14  Nexus, Unknown  
  74  13:17  Pylon  
  74  13:18  Disruptor, Pylon  
  87  13:37  Stalker x3  
  87  13:38  Zealot  
  87  13:39  Zealot x3  
  103  13:43  Probe x2 (Chrono Boost)  
  103  13:51  Assimilator  
  103  13:52  Stalker x2  
  103  13:53  Disruptor, Assimilator  
  99  14:26  Unknown, Stalker x4  
  99  14:27  Stalker x2  
  99  14:28  Zealot x2  
  96  14:43  Stalker, Disruptor  
  89  14:57  Probe x4 (Chrono Boost)  
  93  15:00  Stalker x3  
  99  15:09  Probe (Chrono Boost)  
  99  15:10  Stalker x3  
  106  15:34  Stalker x3  
  106  15:35  Stalker x3  
  118  15:36  Stalker  
  108  16:02  Stalker x3  
  108  16:03  Stalker x4  
  101  16:23  Probe x2 (Chrono Boost)  
  101  16:25  Probe x2 (Chrono Boost)  
  89  16:34  Probe (Chrono Boost)  
  89  16:37  Probe x2 (Chrono Boost)  
  90  16:43  Stalker x3  
  61  17:01  Stalker x2  
  66  17:08  Probe x2 (Chrono Boost)  
  66  17:09  Probe (Chrono Boost)  
  66  17:10  Probe (Chrono Boost)  
  65  17:19  Probe x2 (Chrono Boost)  
  65  17:21  Probe (Chrono Boost)  
  65  17:22  Probe (Chrono Boost)  
  69  17:24  Disruptor  
  72  17:34  Dark Templar  
  74  17:40  Dark Templar  
  69  18:02  Stalker x2  
  69  18:03  Stalker  
  52  18:17  Stalker x2  
  33  18:35  Dark Templar  
  32  18:52  Probe (Chrono Boost)  
  33  19:09  Dark Templar  
Show
View Real Time Build Order
Export as new Build Order

Haluc Protoss - Winner!

Build Orders:  

Get SALT Encoding   

  12  0:01  Probe (Chrono Boost)  
  13  0:11  Probe (Chrono Boost)  
  14  0:18  Pylon  
  14  0:23  Probe (Chrono Boost)  
  15  0:36  Probe (Chrono Boost)  
  15  0:40  Gateway  
  16  0:45  Assimilator  
  16  0:47  Probe (Chrono Boost)  
  17  0:57  Probe (Chrono Boost)  
  18  1:08  Probe (Chrono Boost)  
  18  1:10  Gateway  
  20  1:18  Probe (Chrono Boost)  
  20  1:22  Assimilator  
  20  1:24  Pylon  
  20  1:33  Cybernetics Core  
  20  1:44  Probe (Chrono Boost)  
  21  1:55  Probe (Chrono Boost)  
  22  2:02  Warp Gate  
  22  2:05  Probe (Chrono Boost)  
  23  2:11  Stalker x2  
  27  2:15  Assimilator  
  27  2:35  Nexus, Unknown  
  27  2:42  Pylon  
  27  2:49  Mothership Core (Chrono Boost)  
  29  2:57  Stalker  
  31  3:04  Stalker  
  34  3:35  Probe (Chrono Boost)  
  34  3:37  Robotics Facility  
  34  3:46  Pylon  
  34  3:47  Probe (Chrono Boost), Unknown  
  34  3:48  Probe (Chrono Boost)  
  36  3:50  Gateway  
  36  3:59  Probe x2 (Chrono Boost)  
  38  4:04  Gateway  
  38  4:07  Stalker  
  40  4:12  Stalker  
  42  4:37  Stalker x2  
  44  4:39  Immortal  
  42  4:50  Probe (Chrono Boost)  
  42  4:52  Probe (Chrono Boost)  
  44  4:56  Stalker  
  44  5:01  Probe (Chrono Boost)  
  44  5:04  Probe (Chrono Boost)  
  46  5:11  Probe (Chrono Boost)  
  46  5:12  Stalker x2  
  51  5:16  Probe (Chrono Boost)  
  52  5:22  Probe (Chrono Boost)  
  52  5:28  Probe (Chrono Boost)  
  54  5:32  Adept, Probe (Chrono Boost)  
  54  5:33  Adept  
  59  5:39  Adept  
  59  5:40  Probe (Chrono Boost)  
  62  5:57  Pylon  
  62  5:59  Nexus, Unknown  
  62  6:17  Pylon  
  62  6:18  Pylon  
  62  6:19  Robotics Bay  
  56  6:31  Immortal  
  56  6:34  Stalker x3  
  56  6:35  Stalker  
  62  6:57  Gateway  
  62  6:58  Gateway  
  62  7:00  Pylon  
  62  7:01  Stalker x2  
  62  7:02  Pylon  
  62  7:04  Sentry  
  68  7:10  Unknown  
  68  7:14  Assimilator  
  68  7:15  Probe (Chrono Boost), Disruptor  
  70  7:16  Probe (Chrono Boost), Assimilator  
  73  7:25  Probe (Chrono Boost)  
  73  7:28  Probe (Chrono Boost)  
  75  7:40  Robotics Facility  
  69  8:09  Nexus, Unknown  
  69  8:12  Gateway  
  67  8:13  Gateway  
  67  8:17  Stalker x2, Mothership Core (Chrono Boost)  
  73  8:25  Zealot x4  
  81  8:33  Probe (Chrono Boost)  
  82  8:37  Probe (Chrono Boost)  
  75  8:43  Probe (Chrono Boost)  
  75  8:46  Disruptor  
  75  8:49  Probe (Chrono Boost)  
  78  8:56  Stalker  
  78  8:57  Stalker  
  78  8:58  Stalker  
  78  8:59  Zealot x3  
  90  9:15  Disruptor  
  93  9:20  Probe (Chrono Boost), Unknown  
  93  9:21  Probe (Chrono Boost)  
  95  9:29  Probe (Chrono Boost)  
  95  9:31  Probe (Chrono Boost)  
  97  9:33  Stalker x2  
  97  9:34  Probe (Chrono Boost), Stalker  
  100  9:46  Twilight Council  
  95  10:06  Assimilator x2, Disruptor  
  84  10:09  Disruptor  
  84  10:12  Zealot x5  
  84  10:13  Zealot, Charge  
  92  10:22  Probe x2 (Chrono Boost)  
  92  10:23  Probe (Chrono Boost)  
  88  10:35  Probe (Chrono Boost)  
  88  10:36  Probe (Chrono Boost)  
  88  10:37  Probe (Chrono Boost)  
  88  10:38  Stalker x2  
  88  10:39  Stalker  
  92  10:47  Probe (Chrono Boost)  
  92  10:48  Probe (Chrono Boost)  
  90  10:59  Disruptor  
  90  11:00  Disruptor  
  94  11:05  Zealot x3  
  94  11:06  Zealot x2  
  94  11:07  Zealot  
  94  11:11  Probe x2 (Chrono Boost)  
  109  11:12  Probe (Chrono Boost)  
  109  11:24  Probe (Chrono Boost)  
  110  11:31  Stalker x3  
  116  11:41  Blink  
  116  11:56  Nexus, Unknown  
  116  11:58  Pylon  
  116  12:00  Pylon  
  116  12:02  Pylon  
  116  12:05  Pylon  
  116  12:08  Warp Prism  
  87  12:50  Stalker x3  
  87  12:51  Stalker x4  
  85  12:54  Stalker  
  85  12:55  Disruptor x2  
  92  13:08  Unknown  
  92  13:14  Stalker x5  
  92  13:15  Stalker  
  92  13:17  Probe x2 (Chrono Boost)  
  92  13:18  Probe (Chrono Boost)  
  107  13:27  Probe (Chrono Boost)  
  107  13:30  Probe (Chrono Boost)  
  107  13:31  Disruptor x2  
  115  13:36  Stalker  
  115  13:37  Stalker x2  
  115  13:38  Stalker x3  
  124  13:54  Probe (Chrono Boost)  
  126  13:56  Probe (Chrono Boost), Assimilator  
  126  14:00  Assimilator  
  126  14:03  Stalker x5  
  126  14:06  Disruptor x2  
  91  14:47  Stalker x7  
  91  14:48  Stalker  
  99  15:04  Gateway  
  99  15:06  Gateway  
  99  15:11  Gateway  
  99  15:14  Gateway  
  99  15:24  Adept x2  
  99  15:25  Adept x6, Nexus, Unknown  
  115  15:28  Pylon  
  115  15:30  Pylon  
  115  15:32  Pylon  
  106  15:36  Pylon  
  106  15:41  Disruptor x2  
  100  15:53  Adept x5  
  100  15:54  Adept x2  
  112  16:17  Disruptor x2  
  118  16:19  Stalker x5  
  114  16:34  Stalker x2  
  114  16:36  Unknown  
  104  16:50  Stalker x3  
  104  16:53  Disruptor x2  
  104  17:11  Pylon  
  100  17:19  Stalker x2  
  100  17:20  Stalker  
  106  17:32  Adept x4  
  89  18:21  Observer  
  89  18:22  Observer  
  85  18:29  Adept x6  
  85  18:30  Adept x2  
  82  19:10  Forge  
  82  19:13  Stalker x6  
Tags
 
League
Diamond
Matchup
PvP
Add a new tag
Caveats
  • Supply blocks, unpowered buildings, or Contaminate may cause inaccurate times.
  • Supply counts are checked every 10 seconds.